 Dungeon Sprint DCSS version 0.18.1-50-g88ac8fd (webtiles) character file.

2443 lorenzova the Protected (level 9, -5/92 HPs)
             Began as a Minotaur Fighter on Oct 15, 2016.
             Was a Follower of Qazlal.
             Slain by Sonja
             ... wielding a +0 dagger of distortion
              (16 damage)
             ... in the Dungeon (Sprint I: "Red Sonja").
             The game lasted 00:05:58 (1331 turns).

lorenzova the Protected (Minotaur Fighter)          Turns: 1331, Time: 00:05:59

Health: -5/92      AC:  9    Str: 30    XL:     9   Next: 25%
Magic:  8/8        EV: 10    Int:  5    God:    Qazlal [*.....]
Gold:   513        SH: 16    Dex:  9    Spells: 0 memorised, 8 levels left

rFire  . . .     SeeInvis .     a - +0 war axe
rCold  . . .     Gourm    .     b - +0 scale mail
rNeg   . . .     Faith    .     c - +0 shield
rPois  .         Spirit   .     (helmet restricted)
rElec  .         Dismiss  .     (no cloak)
rCorr  .         Reflect  .     (no gloves)
SustAt .         Harm     .     (no boots)
MR     .....     NoTele   +     (no amulet)
Stlth  ..........               (no ring)
                                (no ring)

@: mighty, lethally poisoned (-5 -> -11), very slightly contaminated, hasted and
slowed, not resistant to hostile enchantments, extremely unstealthy
A: retaliatory headbutt, horns 2
a: Renounce Religion


You were in the Dungeon.
You worshipped Qazlal.
Qazlal was aware of your devotion.
You were not hungry.

You visited 1 branch You collected 513 gold pieces.

Inventory:

Hand Weapons
 a - a +0 war axe (weapon)
Armour
 b - a +0 scale mail (worn)
 c - a +0 shield (worn)
Wands
 g - a wand of confusion (20/48)
Scrolls
 k - a scroll of blinking
 n - a scroll of identify {unknown}
Potions
 e - a potion of curing
 i - 2 potions of magic
 m - a potion of mutation {unknown}
Comestibles
 f - 2 bread rations
 l - a meat ration


   Skills:
 + Level 12.6 Fighting
 + Level 12.3 Axes
 + Level 13.2 Armour
 + Level 13.2 Shields


You had 8 spell levels left.
You didn't know any spells.

Dungeon Overview and Level Annotations

Branches:
Dungeon (1/1)

Altars:
Cheibriados
Dithmenos
Elyvilon
Fedhas
Gozag
Kikubaaqudgha
Makhleb
Nemelex Xobeh
Okawaru
Pakellas
Qazlal
Ru
Sif Muna
Trog
Vehumet
Xom
Yredelemnul
Zin
The Shining One
Jiyva

Shops:
D %[

Annotations:
D Sonja


Innate Abilities, Weirdness & Mutations

You reflexively headbutt those who attack you in melee.
You have a pair of horns on your head.


Message History

Sonja wields an uncursed dagger of distortion.
Its appearance distorts for a moment.
Sonja hits you but does no damage. Space bends around you.
Sonja hits you but does no damage. You block Sonja's attack.
There is an open door here.
You completely miss Sonja. Your headbutt misses Sonja.
You feel sick. You block Sonja's attack. Sonja hits you but does no damage.
Space bends around you. Sonja hits you but does no damage.
Space warps horribly around you!
* * * LOW HITPOINT WARNING * * *
You block Sonja's attack. x2; Sonja barely misses you.
You completely miss Sonja. Your headbutt misses Sonja.
You feel sick.
Sonja hits you with an uncursed dagger of distortion.
* * * LOW HITPOINT WARNING * * *
You block Sonja's attack. x2
Unknown command.
You are too injured to fight recklessly!
You miss Sonja. Your headbutt misses Sonja. You block Sonja's attack.
Sonja hits you but does no damage. Space warps horribly around you!
You die...

####'#####(#__####
###..#...#.####§[#
__####..##(#§≈§§.#
_.___##'#..'§§§§§+
_.∩...'..._#§§≈§.#
_..._##_.#'##'####
_____###+#.#)[..###
########.####[###[##
+$.$'(.((.@K∩#
#$.$########## ##. #


You could see Sonja.

Vanquished Creatures
  2 centaur warriors (D)
  A deep troll (D)
  A slime creature (D)
  Sigmund (D)
  A yak (D)
  An ogre (D)
  A jelly (D)
  Ijyb (D)
9 creatures vanquished.

Vanquished Creatures (others)
  A gargoyle (D)
1 creature vanquished.

Grand Total: 10 creatures vanquished

Notes
Turn   | Place    | Note
--------------------------------------------------------------
     0 | D        | lorenzova the Minotaur Fighter began the quest for the Orb.
     0 | D        | Reached XP level 1. HP: 19/19 MP: 0/0
     1 | D        | Noticed Ijyb
    10 | D        | Killed Ijyb
    10 | D        | Reached skill level 5 in Axes
    10 | D        | Reached XP level 2. HP: 21/30 MP: 1/1
    95 | D        | Noticed an ogre
   102 | D        | Killed an ogre
   102 | D        | Reached XP level 3. HP: 13/41 MP: 2/2
   102 | D        | Reached XP level 4. HP: 16/49 MP: 3/3
   314 | D        | Noticed Sigmund
   320 | D        | Killed Sigmund
   320 | D        | Reached XP level 5. HP: 27/57 MP: 4/4
   320 | D        | Reached XP level 6. HP: 30/64 MP: 5/5
   498 | D        | Found a deep blue altar of Sif Muna.
   500 | D        | Found a radiant altar of Vehumet.
   507 | D        | Found Jauj's Food Emporium.
   507 | D        | Found a white marble altar of Elyvilon.
   507 | D        | Found a stormy altar of Qazlal.
   507 | D        | Found a burning altar of Makhleb.
   507 | D        | Found a sacrificial altar of Ru.
   507 | D        | Found an oddly glowing altar of Pakellas.
   507 | D        | Found a basalt altar of Yredelemnul.
   507 | D        | Found a glowing golden altar of the Shining One.
   507 | D        | Found a sparkling altar of Nemelex Xobeh.
   507 | D        | Found a shimmering altar of Xom.
   507 | D        | Found an opulent altar of Gozag.
   507 | D        | Found an ancient bone altar of Kikubaaqudgha.
   507 | D        | Found a glowing silver altar of Zin.
   507 | D        | Noticed a yak
   510 | D        | Found an iron altar of Okawaru.
   511 | D        | Found a bloodstained altar of Trog.
   513 | D        | Became a worshipper of Qazlal Stormbringer
   515 | D        | Killed a yak
   515 | D        | Reached skill level 10 in Fighting
   529 | D        | Killed a gargoyle
   659 | D        | Noticed a centaur warrior
   666 | D        | Found a snail-covered altar of Cheibriados.
   666 | D        | Found a viscous altar of Jiyva.
   666 | D        | Found a shadowy altar of Dithmenos.
   666 | D        | Found a blossoming altar of Fedhas.
   666 | D        | Noticed a slime creature
   675 | D        | Killed a slime creature
   675 | D        | Reached skill level 10 in Axes
   675 | D        | Reached XP level 7. HP: 61/73 MP: 6/6
   733 | D        | Noticed a centaur warrior
   753 | D        | Killed a centaur warrior
   753 | D        | Reached * piety under Qazlal
   753 | D        | Reached XP level 8. HP: 5/82 MP: 7/7
   759 | D        | Killed a centaur warrior
  1034 | D        | Noticed a deep troll
  1042 | D        | Killed a deep troll
  1042 | D        | Reached XP level 9. HP: 37/92 MP: 8/8
  1305 | D        | Found Acsaareu's Armour Emporium.
  1316 | D        | Noticed Sonja
  1331 | D        | Slain by Sonja

Skill      XL: |  1  2  3  4  5  6  7  8 |
---------------+-------------------------+-----
Fighting       | 6 8 9 10 11 12 | 12.6
Axes           | 5 8 9 10 11 12 | 12.3
Armour         | 6 9 11 13 | 13.2
Shields        | 6 9 11 13 | 13.2

Action                   |  1- 3 |  4- 6 |  7- 9 || total
-------------------------+-------+-------+-------++-------
Melee: War axe           |    14 |    15 |    30 ||    59
       Headbutt          |     4 |     5 |     7 ||    16
  Use: Potion            |       |       |     4 ||     4
  Eat: Chunk             |       |       |     2 ||     2
Armor: Scale mail        |     2 |     2 |    21 ||    25
Dodge: Dodged            |     3 |     2 |    16 ||    21
Block: Shield            |     6 |     7 |    36 ||    49
